 Dungeon Crawl Stone Soup version 0.30-a0-634-g8abc85282e (webtiles) character file.

Game seed: 11202183251490361943

103 Dartaoz the Chopper (level 4, -1/40 HPs)
             Began as a Hill Orc Monk on Jan 14, 2023.
             Was a Believer of Beogh.
             Slain by a hound (5 damage)
             ... on level 3 of the Dungeon.
             The game lasted 00:06:27 (2288 turns).

Dartaoz the Chopper (Hill Orc Monk)                 Turns: 2288, Time: 00:06:28

Health: -1/40      AC:  2    Str: 15    XL:     4   Next: 79%
Magic:  4/4        EV: 12    Int: 10    God:    Beogh [**....]
Gold:   223        SH:  0    Dex: 13    Spells: 3/3 levels left

rFire   . . .      SeeInvis .    a - +0 hand axe
rCold   . . .      Faith    .    (no shield)
rNeg    . . .      Spirit   .    b - +0 robe
rPois   .          Reflect  .    (no helmet)
rElec   .          Harm     .    (no cloak)
rCorr   .          Rampage  .    (no gloves)
Will    .....                    (no boots)
Stlth   ++                       (no amulet)
HPRegen 0.26/turn                (no ring)
MPRegen 0.09/turn                (no ring)

@: no status effects
A: no striking features
a: Renounce Religion, Smiting


You were on level 3 of the Dungeon.
You worshipped Beogh.
Beogh was pleased with you.
You visited 1 branch of the dungeon, and saw 3 of its levels.

You collected 223 gold pieces.

Inventory:

Hand Weapons
 a - a +0 hand axe (weapon)
Armour
 b - a +0 robe (worn)
Wands
 r - a wand of roots (5)
Scrolls
 f - a scroll of identify {unknown}
 g - a scroll of teleportation {unknown}
 h - a scroll of enchant weapon {unknown}
 l - a scroll of noise {unknown}
 o - a scroll of immolation {unknown}
 p - a scroll of vulnerability {unknown}
 t - a scroll of brand weapon {unknown}
Potions
 c - a potion of flight
 d - a potion of mutation {unknown}
 e - 3 potions of invisibility
 i - a potion of brilliance {unknown}
 j - a potion of magic {unknown}
 k - a potion of haste {unknown}
 m - a potion of heal wounds
 n - a potion of curing {unknown}
 q - a potion of cancellation {unknown}
 s - a potion of attraction {unknown}


   Skills:
 + Level 3.6 Fighting
 + Level 7.0 Axes
 + Level 0.2 Armour
 - Level 2.4 Dodging
 - Level 1.5 Stealth


You had 3 spell levels left.
You didn't know any spells.
Your spell library contained the following spells:

 Spells                   Type           Power      Damage    Failure   Level
 Static Discharge         Conj/Air       0%         2-2/arc   50%         2
 Vhi's Electric Charge    Tloc/Air       0%         N/A       75%         3
 Arcjolt                  Conj/Air       0%         1d10      100%        5
 Lightning Bolt           Conj/Air       0%         1d11      100%        5


Dungeon Overview and Level Annotations

Branches:
Dungeon (3/15)

Altars:


Message History

You closely miss the kobold. The hound closely misses you.
The hound barely misses you. The kobold barely misses you.
You closely miss the hound.
The hound is moderately wounded.
You hit the kobold.
You kill the kobold!
Beogh accepts your kill. The hound misses you.
You hit the hound.
The hound is heavily wounded.
The hound bites you. x2
You hit the hound but do no damage.
The hound is heavily wounded.
The hound bites you.
You are too injured to fight recklessly!
You are too injured to fight recklessly!
You hit the hound but do no damage.
The hound is heavily wounded.
The hound bites you. x2
* * * LOW HITPOINT WARNING * * *
You barely miss the hound.
The hound is heavily wounded.
The hound bites you.
* * * LOW HITPOINT WARNING * * *
You hit the hound.
The hound is heavily wounded.
The hound barely misses you.
You hit the hound.
The hound is severely wounded.
The hound bites you.
* * * LOW HITPOINT WARNING * * *
The hound barely misses you.
You closely miss the hound.
The hound is severely wounded.
The hound bites you.
* * * LOW HITPOINT WARNING * * *
You barely miss the hound.
The hound is severely wounded.
The hound bites you.
You die...

#. #.. # # .##.# #
#####.......# #
####...........# #
#.....##.#..##.#######
###.....##.#..##.##.....
...........#............
#.#...h)#..#..##.##.....
.......@#..#..##.#####.#
#.#.##...........# #.# .
####.###.#.## #.# #.#
#.#.# #.# #.. ..#.# #..
........# #.# #########
#.# #.# #.#


You could see a hound.

Vanquished Creatures
  A gnoll (D:1)
  3 adders (D:2)
  A worm (D:2)
  4 dart slugs
  5 endoplasms
  3 giant cockroaches
  6 goblins
  4 hobgoblins
  2 jackals (D:1)
  4 quokkas
  3 ball pythons
  5 bats
  2 frilled lizards (D:1)
  6 kobolds
  6 rats (D:1)
55 creatures vanquished.

Notes
Turn   | Place    | Note
-------+----------+-------------------------------------------
     0 | D:1      | Dartaoz the Hill Orc Monk began the quest for the Orb.
     0 | D:1      | Reached XP level 1. HP: 19/19 MP: 1/1
    91 | D:1      | Reached XP level 2. HP: 13/26 MP: 2/2
   205 | D:1      | Reached skill level 5 in Axes
   207 | D:1      | Reached XP level 3. HP: 19/31 MP: 3/3
   600 | D:1      | Reached skill level 6 in Axes
   789 | D:2      | Found a faded altar of an unknown god.
   972 | D:2      | HP: 1/31 [poisoned by an adder]
  1131 | D:2      | Reached XP level 4. HP: 39/39 MP: 4/4
  1626 | D:2      | Reached skill level 7 in Axes
  1952 | D:3      | Became a worshipper of Beogh the Brigand
  1952 | D:3      | Reached * piety under Beogh
  1952 | D:3      | Reached ** piety under Beogh
  2288 | D:3      | Slain by a hound

Illustrated notes

Levels and vault maps discovered:
D:1:      scummos_arrival_gate, layout_rooms, minmay_quantized
D:2:      layout_basic, chequers_ecumenical_altar_simple, minmay_hexomino_u4
D:3:      layout_loops_cross, serial_glass, glass_columns_a, glass_columns_a,
          kennysheep_generic_room_6

Skill      XL: |  1  2  3  4 |
---------------+-------------+-----
Axes           | 5 6 7 |  7.0
Fighting       | |  3.6
Armour         | |  0.2
Dodging        | |  2.4
Stealth        | |  1.5

Action                   |  1- 3 |  4- 6 || total
-------------------------+-------+-------++-------
Melee: Hand axe          |   144 |    78 ||   222
       Punch             |     2 |     1 ||     3
Invok: Convert to Beogh  |       |     1 ||     1
  Use: Potion            |     4 |     1 ||     5
 Stab: Sleeping          |     2 |     2 ||     4
Armor: Robe              |    23 |    12 ||    35
Dodge: Dodged            |   117 |    42 ||   159

Table legend: (Time is in decaauts)
 A = Elapsed time spent in this place.
 B = Non-inter-level travel time spent in this place.
 C = Inter-level travel time spent in this place.
 D = Time resting spent in this place.
 E = Time spent auto-exploring this place.
 F = Levels seen in this place.
 G = Mean time per level.
                   A        B        C        D        E       F      G
               +--------+--------+--------+--------+--------+-----+--------+
         Total |   2288 |   2222 |     66 |      0 |   1713 |   3 |  762.7 |
       Dungeon |   2288 |   2222 |     66 |      0 |   1713 |   3 |  762.7 |
               +--------+--------+--------+--------+--------+-----+--------+

Top non-repeatable levels by time:
     D:2: 1141 daAuts
     D:1: 743 daAuts
     D:3: 402 daAuts
